Unix NetHack Version 3.7.0-102 Work-in-progress - last build Apr 6 2024 13:22:21 (d302a6a9ff6341f1a922d8f5af178406b35fdf99,branch:master). Game began 2024-05-02 08:58:13, ended 2024-05-02 09:32:05. fstd, neutral male human Wizard ..----- ----- -...|..-- ---...--- |....|...|-----)).....-- ---- |........|..--.....%a@.----- |((( --...|...-|.......G...|..... |(((.-...-|....--..........|-..--- |((( --...---........|....-|.....-- ---- |....|.).|..--.|...- ..|...-- |--....------|.|- ---...------ ....---- |.......-- |.| ........|...| ......| |...%{...| -......)[%..---......-- --.......| -.---.)...........|..| -......-- . ----.....|....|..----- ..-+--- --...----..|....|.---- . ----- ---|...).....|-- ---.)...-|.-- -.|....|..-- ..|---.....| ---..)| ----- Fstd the Thaumaturge St:8 Dx:12 Co:17 In:18 Wi:13 Ch:9 Neutral S:4634 Dlvl:7 $:92 HP:0(71) Pw:7(83) AC:3 Xp:7 T:4009 Burdened Latest messages: You are freaked out. What do you want to use or apply? [clpu-wDS or ?*] v Nothing seems to happen. The baby red dragon zaps a wand of create monster! A warhorse suddenly appears close by! In what direction? b The spell hits it. You kill the newt! What do you want to use or apply? [clpu-wDS or ?*] v Everything looks SO boring now. The giant ant bites! The giant ant bites! You have trouble lifting 5 daggers. Continue? [ynq] (q) n You see here 5 daggers. The giant ant misses! You hear someone praising Thoth. The giant ant bites! The giant ant bites! The giant ant bites! The giant ant bites! Pick an object. The giant ant misses! The giant ant bites! What do you want to put on? [dF or ?*] d Which ring-finger, Right or Left? [rl] l Gee! All of a sudden, you can't see yourself. d - an uncursed ring of invisibility (on left hand). The giant ant bites! The giant ant bites! The Woodland-elf drinks a sky blue potion! The Woodland-elf seems more experienced. What do you want to put on? [F or ?*] ? What do you want to put on? [F or ?*] The 'F' prefix should be followed by a movement command. What do you want to put on? [F or ?*] F F - a ring called conflict? (on right hand). The Woodland-elf shoots 2 runed arrows! It misses. It misses. Pick an object. The Woodland-elf shoots 2 runed arrows! It misses. It misses. Pick an object. The Woodland-elf wields 2 daggers! The Woodland-elf hits! The Woodland-elf misses the giant ant. The Woodland-elf hits! You die... Do you want your possessions identified? [ynq] (y) q Inventory: Coins ('$') $ - 92 gold pieces Weapons (')') t - 2 uncursed +0 darts (at the ready) m - 5 cursed -2 darts a - a blessed +1 quarterstaff (weapon in hands) Armor ('[') r - an uncursed +0 orcish helm (being worn) X - an uncursed +0 pair of iron shoes (being worn) b - an uncursed +0 cloak of magic resistance (being worn) B - an uncursed +0 studded leather armor (being worn) Comestibles ('%') x - an uncursed clove of garlic Z - an uncursed cram ration n - an uncursed fortune cookie y - 2 uncursed tripe rations z - a cursed rotten tin of mumak meat Scrolls ('?') s - a blessed scroll of confuse monster j - an uncursed scroll of light Rings ('=') F - an uncursed ring of conflict (on right hand) d - an uncursed ring of invisibility (on left hand) Wands ('/') c - an uncursed wand of light (0:11) w - an uncursed wand of teleportation (0:7) Tools ('(') u - an uncursed oilskin sack containing 19 items l - a cursed magic lamp (lit) S - an uncursed +0 pick-axe D - an uncursed skeleton key p - an uncursed stethoscope v - an uncursed +0 unicorn horn Gems/Stones ('*') o - an uncursed worthless piece of blue glass h - an uncursed worthless piece of red glass Contents of the oilskin sack: 350 gold pieces a blessed scroll of enchant weapon an uncursed scroll of charging an uncursed scroll of confuse monster an uncursed scroll of gold detection an uncursed scroll of taming a blessed scroll of teleportation an uncursed spellbook of remove curse an uncursed spellbook of blank paper an uncursed spellbook of detect monsters a blessed spellbook of force bolt a blessed potion of enlightenment an uncursed potion of gain level 3 uncursed potions of healing a blessed potion of invisibility an uncursed potion of monster detection a blessed potion of sleeping an uncursed +1 ring of increase damage an uncursed magic marker (0:20) Fstd the Wizard's attributes: Background: You were a Thaumaturge, a level 7 male human Wizard. You were neutral, on a mission for Thoth who was opposed by Ptah (lawful) and Anhur (chaotic). You were right-handed. You were in the Gnomish Mines, on level 7. You entered the dungeon 4009 turns ago. You had 973 experience points, 307 more were needed to attain level 8. Your score was 4634 before end-of-game adjustments. Basics: You had 0 out of 71 hit points. You had 7 out of 83 energy points (spell power). Your armor class was 3. Your wallet contained 92 zorkmids, and you had 350 more stashed away in your pack. Autopickup was on for '$"?!=+/(*' plus thrown, with exceptions. Final Characteristics: Your strength was 8 (limit:18/100). Your dexterity was 12 (limit:18). Your constitution was 17 (limit:18). Your intelligence was 18 (limit:18). Your wisdom was 13 (limit:18). Your charisma was 9 (limit:18). Final Status: You weren't hungry. You were burdened; movement was slightly slowed. You were wielding a quarterstaff. You had basic skill with quarterstaff and could have enhanced that. Final Attributes: You were piously aligned. You were magic-protected. You were invisible. You caused conflict. You were warded. You are dead. Miscellaneous: You disabled loading of bones levels. Total elapsed playing time was 33 minutes and 52 seconds. Major events: Turn 1: fstd the neutral male human Wizard entered the dungeon 473: attained the rank of Conjurer (level 3) 1748: entered the Gnomish Mines 2799: attained the rank of Thaumaturge (level 6) 3697: reached Mine Town 4009: killed by a Woodland-elf Vanquished creatures: a leprechaun an orc-captain a black light a dingo a white unicorn 2 human zombies an imp a yellow light 4 gnome leaders 2 gnomish wizards 3 elf zombies 2 giant ants 2 little dogs a kitten 7 dwarves 16 hill orcs 2 wererats 3 iguanas a gas spore a hobbit a manes a large kobold a hobgoblin a cave spider 2 yellow molds 2 green molds 21 gnomes a gnome zombie a gecko 2 jackals 2 foxes a kobold 5 goblins 7 grid bugs 2 bats 3 lichens a kobold zombie 9 newts 116 creatures vanquished. No species were genocided or became extinct. Voluntary challenges: You read items or engraved 1 time. You never engraved Elbereth. You never genocided any monsters. You never polymorphed an object. You never changed form. You used no wishes. Achievements: You attained the rank of Conjurer. You entered a shop. You entered the Gnomish Mines. You attained the rank of Thaumaturge. You entered Minetown. The Dungeons of Doom: levels 1 to 6 Level 1: A sink, a grave. Level 2: "kat" Level 3: A fountain. Level 4: A grave. Stairs down to The Gnomish Mines. Level 5: A grave. Level 6: A fountain. The Gnomish Mines: levels 5 to 7 Level 5: Level 6: Level 7: <- You were here. A fountain. Final resting place for you, killed by a Woodland-elf. Game over: ---------- / \ / REST \ / IN \ / PEACE \ / \ | fstd | | 442 Au | | killed by a | | Woodland-elf | | | | | | 2024 | *| * * * | * _________)/\\_//(\/(/\)/\//\/|_)_______ Goodbye fstd the Wizard... You died in The Gnomish Mines on dungeon level 7 with 4590 points, and 442 pieces of gold, after 4009 moves. You were level 7 with a maximum of 71 hit points when you died.